| TOP OF THE 1ST |
|
Johnson City Cardinals batting - Pitching for Danville Braves : RHP Luis Yanez
|
|
Pitching: RHP Luis Yanez
|
|
|
Batting: RHB Mario Carbajal
|
0-0: Swinging Strike 0-1: Ball 1-1: Fly out, F7 (Flyball, 7S, EV 90.0 MPH)
|
|
Batting: SHB Felipe Campanella
|
0-0: Ball 1-0: Ball 2-0: Foul Ball, location: 2F 2-1: SINGLE (Flyball, 56D, EV 93.8 MPH)
|
|
Batting: SHB J.T. Ready
|
0-0: Ball 1-0: Ball 2-0: Ball 3-0: Called Strike 3-1: Fly out, F8 (Flyball, 8LXD, EV 99.4 MPH)
|
|
Batting: RHB Matt McGuire
|
0-0: Called Strike 0-1: Ball 1-1: Called Strike 1-2: Strikes out swinging
|
| Top of the 1st over - 0 runs, 1 hit, 0 errors, 1 left on base; Johnson City 0 - Danville 0 |
| BOTTOM OF THE 1ST |
|
Danville Braves batting - Pitching for Johnson City Cardinals : RHP Jaquan Alston
|
|
Pitching: RHP Jaquan Alston
|
|
|
Batting: RHB Danny Dimas
|
0-0: Foul Ball, location: 2F 0-1: Ball 1-1: Fly out, F8 (Flyball, 78M, EV 81.2 MPH)
|
|
Batting: RHB Alex Guerra
|
0-0: Called Strike 0-1: TRIPLE (Flyball, 8RXD, EV 104.4 MPH)
|
|
Batting: RHB Richard Saquic
|
0-0: Foul Ball, location: 2F 0-1: Ball 1-1: Called Strike 1-2: Ball 2-2: Foul Ball, location: 2F 2-2: Ground out 4-3 (Groundball, 4, EV 81.9 MPH) Alex Guerra scores
|
|
Batting: RHB Rodolfo Cosme
|
0-0: Foul Ball, location: 2F 0-1: Ball 1-1: Foul Ball, location: 2F 1-2: Ball 2-2: SINGLE (Groundball, 4D, EV 105.6 MPH)
|
|
Batting: RHB Paul Holland
|
0-0: Ball 1-0: Called Strike 1-1: Reached on error, E5 (Groundball, 56, EV 97.5 MPH) Rodolfo Cosme to second
|
|
Batting: RHB Ricardo Joya
|
0-0: Called Strike 0-1: Ground out 4-3 (Groundball, 4MD, EV 103.8 MPH)
|
| Bottom of the 1st over - 1 run, 2 hits, 1 error, 2 left on base; Johnson City 0 - Danville 1 |
| TOP OF THE 2ND |
|
Johnson City Cardinals batting - Pitching for Danville Braves : RHP Luis Yanez
|
|
Batting: LHB Rafael Banda
|
0-0: Foul Ball, location: 2F 0-1: Called Strike 0-2: Ball 1-2: Ball 2-2: Strikes out looking
|
|
Batting: SHB Kelly Brooks
|
0-0: Called Strike 0-1: Ball 1-1: Ball 2-1: Ball 3-1: Base on Balls
|
|
Batting: SHB Brad Meyer
|
0-0: Ball Wild Pitch! Kelly Brooks to second 1-0: Ball 2-0: Ball 3-0: Called Strike 3-1: Foul Ball, location: 2F 3-2: Strikes out swinging
|
|
Batting: RHB Seung-kab Park
|
0-0: Called Strike 0-1: Ball 1-1: Swinging Strike 1-2: Ball 2-2: Strikes out looking
|
| Top of the 2nd over - 0 runs, 0 hits, 0 errors, 1 left on base; Johnson City 0 - Danville 1 |
| BOTTOM OF THE 2ND |
|
Danville Braves batting - Pitching for Johnson City Cardinals : RHP Jaquan Alston
|
|
Batting: RHB Jesus Diego
|
0-0: Ball 1-0: Fly out, F9 (Line Drive, 9, EV 85.0 MPH)
|
|
Batting: RHB Aaron Sartini
|
0-0: Called Strike 0-1: Called Strike 0-2: Strikes out looking
|
|
Batting: RHB Chad Starnes
|
0-0: Called Strike 0-1: Ball 1-1: Foul Ball, location: 2F 1-2: Ball 2-2: Foul Ball, location: 2F 2-2: Strikes out looking
|
| Bottom of the 2nd over - 0 runs, 0 hits, 0 errors, 0 left on base; Johnson City 0 - Danville 1 |
| TOP OF THE 3RD |
|
Johnson City Cardinals batting - Pitching for Danville Braves : RHP Luis Yanez
|
|
Batting: RHB Oscar Higareda
|
0-0: SINGLE (Line Drive, 9LS, EV 93.8 MPH)
|
|
Batting: RHB Mario Carbajal
|
0-0: Swinging Strike 0-1: Swinging Strike 0-2: Strikes out swinging
|
|
Batting: SHB Felipe Campanella
|
0-0: Ball 1-0: Called Strike Oscar Higareda is caught stealing 2nd base 2-6 1-1: DOUBLE (Groundball, 3D, EV 106.9 MPH)
|
|
Batting: SHB J.T. Ready
|
0-0: Called Strike 0-1: Foul Ball, location: 2F 0-2: Ball 1-2: Foul Ball, location: 2F 1-2: Strikes out swinging
|
| Top of the 3rd over - 0 runs, 2 hits, 0 errors, 1 left on base; Johnson City 0 - Danville 1 |
| BOTTOM OF THE 3RD |
|
Danville Braves batting - Pitching for Johnson City Cardinals : RHP Jaquan Alston
|
|
Batting: RHB Danny Dimas
|
0-0: Called Strike 0-1: Ball 1-1: Swinging Strike 1-2: Strikes out swinging
|
|
Batting: RHB Alex Guerra
|
0-0: Called Strike 0-1: Ground out 6-3 (Groundball, 6, EV 80.0 MPH)
|
|
Batting: RHB Richard Saquic
|
0-0: Ball 1-0: Ball 2-0: Called Strike 2-1: Swinging Strike 2-2: Ball 3-2: Base on Balls
|
|
Batting: RHB Rodolfo Cosme
|
0-0: Called Strike 0-1: Called Strike 0-2: Ball 1-2: Ball 2-2: Ball 3-2: Ground out U3 (Groundball, 34S, EV 85.6 MPH)
|
| Bottom of the 3rd over - 0 runs, 0 hits, 0 errors, 1 left on base; Johnson City 0 - Danville 1 |
| TOP OF THE 4TH |
|
Johnson City Cardinals batting - Pitching for Danville Braves : RHP Luis Yanez
|
|
Batting: RHB Matt McGuire
|
0-0: Ball 1-0: Ball 2-0: Called Strike 2-1: Foul Ball, location: 2F 2-2: Ball 3-2: Strikes out swinging, 2-3 out at first.
|
|
Batting: LHB Rafael Banda
|
0-0: Fly out, F9 (Flyball, 9, EV 92.5 MPH)
|
|
Batting: SHB Kelly Brooks
|
0-0: Called Strike 0-1: Ball 1-1: Swinging Strike 1-2: Foul Ball, location: 2F 1-2: Ball 2-2: DOUBLE (Line Drive, 9LS, EV 108.1 MPH)
|
|
Batting: SHB Brad Meyer
|
0-0: Ball 1-0: Foul Ball, location: 2F 1-1: DOUBLE (Line Drive, 89D, EV 106.9 MPH) Kelly Brooks scores
|
|
Batting: RHB Seung-kab Park
|
0-0: Called Strike 0-1: Foul Ball, location: 2F 0-2: Ball 1-2: Strikes out swinging
|
| Top of the 4th over - 1 run, 2 hits, 0 errors, 1 left on base; Johnson City 1 - Danville 1 |
| BOTTOM OF THE 4TH |
|
Danville Braves batting - Pitching for Johnson City Cardinals : RHP Jaquan Alston
|
|
Batting: RHB Paul Holland
|
0-0: Fly out, F8 (Flyball, 89M, EV 95.6 MPH)
|
|
Batting: RHB Ricardo Joya
|
0-0: Called Strike 0-1: Swinging Strike 0-2: Strikes out looking
|
|
Batting: RHB Jesus Diego
|
0-0: Fly out, F9 (Line Drive, 9, EV 90.0 MPH)
|
| Bottom of the 4th over - 0 runs, 0 hits, 0 errors, 0 left on base; Johnson City 1 - Danville 1 |
| TOP OF THE 5TH |
|
Johnson City Cardinals batting - Pitching for Danville Braves : RHP Luis Yanez
|
|
Batting: RHB Oscar Higareda
|
0-0: Ball 1-0: Foul Ball, location: 2F 1-1: Called Strike 1-2: Ball 2-2: Ball 3-2: Strikes out looking
|
|
Batting: RHB Mario Carbajal
|
0-0: Called Strike 0-1: Foul Ball, location: 2F 0-2: SINGLE (Line Drive, 9S, EV 110.6 MPH)
|
|
Batting: SHB Felipe Campanella
|
0-0: Called Strike 0-1: Foul Ball, location: 2F 0-2: 2-RUN HOME RUN (Flyball, 9LD, EV 93.1 MPH), Distance : 334 ft
|
|
Batting: SHB J.T. Ready
|
0-0: Foul Ball, location: 2F 0-1: Swinging Strike 0-2: Strikes out swinging
|
|
Batting: RHB Matt McGuire
|
0-0: Called Strike 0-1: Called Strike 0-2: Strikes out swinging
|
| Top of the 5th over - 2 runs, 2 hits, 0 errors, 0 left on base; Johnson City 3 - Danville 1 |
| BOTTOM OF THE 5TH |
|
Danville Braves batting - Pitching for Johnson City Cardinals : RHP Jaquan Alston
|
|
Batting: RHB Aaron Sartini
|
0-0: Called Strike 0-1: Ball 1-1: Fly out, F7 (Flyball, 7, EV 88.1 MPH)
|
|
Batting: RHB Chad Starnes
|
0-0: Foul Ball, location: 2F 0-1: Called Strike 0-2: Ball 1-2: Strikes out looking
|
|
Batting: RHB Danny Dimas
|
0-0: Foul Ball, location: 2F 0-1: Foul Ball, location: 2F 0-2: Strikes out swinging
|
| Bottom of the 5th over - 0 runs, 0 hits, 0 errors, 0 left on base; Johnson City 3 - Danville 1 |
| TOP OF THE 6TH |
|
Johnson City Cardinals batting - Pitching for Danville Braves : RHP Luis Yanez
|
|
Pitching: LHP Joel Littlejohn
|
|
|
Batting: LHB Rafael Banda
|
0-0: Called Strike 0-1: Foul Ball, location: 2F 0-2: Ball 1-2: Strikes out looking
|
|
Batting: SHB Kelly Brooks
|
0-0: Swinging Strike 0-1: Fly out, F6 (Popup, 6, EV 65.0 MPH)
|
|
Batting: SHB Brad Meyer
|
0-0: Foul Ball, location: 2F 0-1: Ball 1-1: Swinging Strike 1-2: Strikes out swinging
|
| Top of the 6th over - 0 runs, 0 hits, 0 errors, 0 left on base; Johnson City 3 - Danville 1 |
| BOTTOM OF THE 6TH |
|
Danville Braves batting - Pitching for Johnson City Cardinals : RHP Jaquan Alston
|
|
Batting: RHB Alex Guerra
|
0-0: Ground out 4-3 (Groundball, 4M, EV 110.6 MPH)
|
|
Batting: RHB Richard Saquic
|
0-0: Called Strike 0-1: SINGLE (Line Drive, 78M, EV 88.8 MPH)
|
|
Batting: RHB Rodolfo Cosme
|
0-0: Ball Richard Saquic is caught stealing 2nd base 2-4 1-0: Ball 2-0: Swinging Strike 2-1: Called Strike 2-2: Strikes out swinging
|
| Bottom of the 6th over - 0 runs, 1 hit, 0 errors, 0 left on base; Johnson City 3 - Danville 1 |
| TOP OF THE 7TH |
|
Johnson City Cardinals batting - Pitching for Danville Braves : LHP Joel Littlejohn
|
|
Batting: RHB Seung-kab Park
|
0-0: Called Strike 0-1: Foul Ball, location: 2F 0-2: Ground out 5-3 (Groundball, 56S, EV 80.0 MPH)
|
|
Batting: RHB Oscar Higareda
|
0-0: Swinging Strike 0-1: Ball 1-1: Foul Ball, location: 2F 1-2: Ball 2-2: Ball 3-2: Strikes out swinging
|
|
Batting: RHB Mario Carbajal
|
0-0: Ball 1-0: SINGLE (Groundball, 34, EV 106.9 MPH)
|
|
Batting: SHB Felipe Campanella
|
0-0: Foul Ball, location: 2F 0-1: Called Strike 0-2: Ball Mario Carbajal steals 2nd base 1-2: Strikes out swinging
|
| Top of the 7th over - 0 runs, 1 hit, 0 errors, 1 left on base; Johnson City 3 - Danville 1 |
| BOTTOM OF THE 7TH |
|
Danville Braves batting - Pitching for Johnson City Cardinals : RHP Jaquan Alston
|
|
Batting: RHB Paul Holland
|
0-0: Foul Ball, location: 2F 0-1: Ball 1-1: Ball 2-1: Foul Ball, location: 2F 2-2: Strikes out swinging
|
|
Batting: RHB Ricardo Joya
|
0-0: Called Strike 0-1: Ball 1-1: Called Strike 1-2: Ground out 6-3 (Groundball, 6, EV 98.1 MPH)
|
|
Batting: RHB Jesus Diego
|
0-0: Swinging Strike 0-1: Ball 1-1: Called Strike 1-2: Ball 2-2: SINGLE (Flyball, 8LS, EV 88.8 MPH)
|
|
Pitching: RHP Ricky Enriquez
|
|
|
Pinch Hitting: RHB James Anderson
|
0-0: Called Strike 0-1: Ball 1-1: Called Strike 1-2: Ball 2-2: Reached on error, E6 (Groundball, 6, EV 90.0 MPH) Jesus Diego to second
|
|
Batting: RHB Chad Starnes
|
0-0: Ball 1-0: Ball 2-0: Foul Ball, location: 2F 2-1: Called Strike 2-2: Strikes out swinging
|
| Bottom of the 7th over - 0 runs, 1 hit, 1 error, 2 left on base; Johnson City 3 - Danville 1 |
| TOP OF THE 8TH |
|
Johnson City Cardinals batting - Pitching for Danville Braves : LHP Joel Littlejohn
|
|
Now in LF: James Anderson
|
|
|
Batting: SHB J.T. Ready
|
0-0: Called Strike 0-1: Ball 1-1: Ball 2-1: SOLO HOME RUN (Flyball, 78XD, EV 96.2 MPH), Distance : 394 ft
|
|
Batting: RHB Matt McGuire
|
0-0: Foul Ball, location: 2F 0-1: Ball 1-1: Fly out, F2 (Popup, 3SF, EV 75.0 MPH)
|
|
Batting: LHB Rafael Banda
|
0-0: Ground out 4-3 (Groundball, 4, EV 99.4 MPH)
|
|
Batting: SHB Kelly Brooks
|
0-0: Foul Ball, location: 2F 0-1: Swinging Strike 0-2: Ball 1-2: Ball 2-2: Foul Ball, location: 2F 2-2: Foul Ball, location: 2F 2-2: Ground out 4-3 (Groundball, 4, EV 100.6 MPH)
|
| Top of the 8th over - 1 run, 1 hit, 0 errors, 0 left on base; Johnson City 4 - Danville 1 |
| BOTTOM OF THE 8TH |
|
Danville Braves batting - Pitching for Johnson City Cardinals : RHP Ricky Enriquez
|
|
Batting: RHB Danny Dimas
|
0-0: SINGLE (Line Drive, 4MD, EV 110.0 MPH)
|
|
Pinch Hitting: RHB Mennad Maalik
|
0-0: Called Strike 0-1: Called Strike 0-2: Ball 1-2: Foul Ball, location: 2F 1-2: Strikes out swinging
|
|
Batting: RHB Richard Saquic
|
0-0: Ball 1-0: Foul Ball, location: 2F 1-1: Swinging Strike 1-2: Ball 2-2: Fly out, F4 (Popup, 13, EV 76.2 MPH)
|
|
Batting: RHB Rodolfo Cosme
|
0-0: Foul Ball, location: 2F 0-1: Foul Ball, location: 2F 0-2: Ball 1-2: Foul Ball, location: 2F 1-2: Strikes out swinging
|
| Bottom of the 8th over - 0 runs, 1 hit, 0 errors, 1 left on base; Johnson City 4 - Danville 1 |
| TOP OF THE 9TH |
|
Johnson City Cardinals batting - Pitching for Danville Braves : LHP Joel Littlejohn
|
|
Pitching: RHP Outa Tamura
|
|
|
Now in RF: Mennad Maalik
|
|
|
Batting: SHB Brad Meyer
|
0-0: Fly out, F7 (Flyball, 78S, EV 83.1 MPH)
|
|
Batting: RHB Seung-kab Park
|
0-0: Called Strike 0-1: Foul Ball, location: 2F 0-2: Ball 1-2: Strikes out swinging
|
|
Pinch Hitting: RHB Diego Herrera
|
0-0: Ball 1-0: Swinging Strike 1-1: Ball 2-1: Ball 3-1: Foul Ball, location: 2F 3-2: Foul Ball, location: 2F 3-2: Strikes out swinging passed ball, reaches first!
|
|
Batting: RHB Mario Carbajal
|
0-0: Called Strike 0-1: Ball 1-1: Foul Ball, location: 2F 1-2: Ball 2-2: DOUBLE (Flyball, 8LXD, EV 105.0 MPH) Diego Herrera to third Runner from 3rd tries for Home, SAFE, throw by CF to home
|
|
Batting: SHB Felipe Campanella
|
0-0: Ball 1-0: Fly out, F8 (Flyball, 8LM, EV 90.0 MPH)
|
| Top of the 9th over - 1 run, 1 hit, 0 errors, 1 left on base; Johnson City 5 - Danville 1 |
| BOTTOM OF THE 9TH |
|
Danville Braves batting - Pitching for Johnson City Cardinals : RHP Ricky Enriquez
|
|
Now at 2B: Dan Wages
|
|
|
Batting: RHB Paul Holland
|
0-0: Swinging Strike 0-1: Ball 1-1: Ball 2-1: Swinging Strike 2-2: Foul Ball, location: 2F 2-2: Foul Ball, location: 2F 2-2: Foul Ball, location: 2F 2-2: Ball 3-2: Strikes out swinging
|
|
Batting: RHB Ricardo Joya
|
0-0: Ball 1-0: Foul Ball, location: 2F 1-1: Foul Ball, location: 2F 1-2: Fly out, F7 (Line Drive, 7, EV 86.9 MPH)
|
|
Batting: RHB Jesus Diego
|
0-0: Foul Ball, location: 2F 0-1: Foul Ball, location: 2F 0-2: Ball 1-2: Ball 2-2: Foul Ball, location: 2F 2-2: Strikes out swinging
|
| Bottom of the 9th over - 0 runs, 0 hits, 0 errors, 0 left on base; Johnson City 5 - Danville 1 |
|